 Dungeon Crawl Stone Soup version 0.23-a0-49-gd9f7a49 (webtiles) character file.

147 tilp the Chiller (level 5, -6/37 HPs)
             Began as a Merfolk Ice Elementalist on Aug 6, 2018.
             Mangled by Grinder (9 damage)
             ... while paralysed by Grinder
             ... on level 3 of the Dungeon.
             The game lasted 00:07:51 (2959 turns).

tilp the Chiller (Merfolk Ice Elementalist)         Turns: 2959, Time: 00:07:51

Health: -6/37      AC:  2    Str:  8    XL:     5   Next: 29%
Magic:  3/8        EV:  2    Int: 16    God:
Gold:   154        SH:  0    Dex: 14    Spells: 2/8 levels left

rFire    . . .     SeeInvis .   f - +0 short sword (speed)
rCold    . . .     Gourm    .   (no shield)
rNeg     . . .     Faith    .   a - +0 robe
rPois    .         Spirit   .   (no helmet)
rElec    .         Reflect  .   (no cloak)
rCorr    .         Harm     .   (no gloves)
MR       .....                  (no boots)
Stlth    ++........             (no amulet)
HPRegen  0.12/turn              (no ring)
MPRegen  0.11/turn              (no ring)

@: paralysed
A: change form in water, swift swim, stealthy swim
a: no special abilities


You were on level 3 of the Dungeon.
You were not hungry.

You visited 1 branch of the dungeon, and saw 3 of its levels.

You collected 154 gold pieces.

Inventory:

Hand Weapons
 f - a +0 short sword of speed (weapon)
 g - a +0 spear
 h - a +4 whip
Missiles
 d - 115 stones
 n - 5 javelins (quivered)
Armour
 a - a +0 robe (worn)
 k - a +2 leather armour of fire resistance
Jewellery
 m - an uncursed ring of magical power {unknown}
 p - a +3 ring of evasion {unknown}
Scrolls
 b - a scroll of amnesia {unknown}
 e - a scroll of identify
 i - a scroll of fear {unknown}
 l - a scroll of enchant armour {unknown}
 o - a scroll of blinking {unknown}
 s - a scroll of fog
 w - a scroll of teleportation {unknown}
Potions
 j - a potion of lignification
 q - 2 potions of curing
 t - 2 potions of brilliance
 u - 2 potions of flight
 v - a potion of heal wounds
Comestibles
 c - 3 rations
 r - 2 chunks of flesh


   Skills:
 + Level 1.2 Fighting
 + Level 3.3 Dodging
 - Level 2.1 Stealth
 - Level 2.0 Spellcasting
 - Level 0.7 Conjurations
 - Level 6.0 Ice Magic


You had 2 spell levels left.
You knew the following spells:

 Your Spells              Type           Power        Failure   Level  Hunger
a - Freeze                Ice            ###.         1%          1    #......
b - Throw Frost           Conj/Ice       ##....       8%          2    ###....
c - Ozocubu's Armour      Chrm/Ice       ##......     19%         3    ###....

Your spell library contained the following spells:

 Spells                   Type           Power        Failure   Level  Hunger
 Summon Ice Beast         Ice/Summ       ##......     52%         4    #####..
 Throw Icicle             Conj/Ice       ##......     45%         4    #####..


Dungeon Overview and Level Annotations

Branches:
Dungeon (3/15)

Altars:

Annotations:
D:3 Grinder


Message History

Confirm with . or Enter, or press ? or * to list all spells.
Aiming: Freeze (safe; 1% risk of failure)
Press: ? - help, Shift-Dir - straight line, f/p - Grinder
Aim: Grinder (lightly wounded)
You freeze Grinder.
Grinder completely resists.
Grinder is lightly wounded.
Grinder gestures at you.
You suddenly lose the ability to move!
The ooze hits you. Grinder gestures at you.
You shrug off the repeated paralysis!
The ooze hits you. Grinder hits you.
You writhe in agony.
The ooze hits you. Grinder hits you.
You writhe in agony.
* * * LOW HITPOINT WARNING * * *
The ooze barely misses you. Grinder barely misses you. The ooze hits you.
* * * LOW HITPOINT WARNING * * *
Grinder gestures at you.
You shrug off the repeated paralysis!
The ooze barely misses you. Grinder hits you!
You die...

#...............#
+.#.
#########'#+###.#
#.#.
##......###.#
#...
#...........####
###+
##.##.##........
..
###.##..#.#...%..
.#.
.................
...
##....5.........
..
#.##.@..#...... #
#..J......##.
...#....#...#
##...........#
............## ##
..........#
#......##.##
........ .#


You could see Grinder and an ooze.

Vanquished Creatures
  Jessica (D:2)
  Terence (D:2)
  3 adders
  An ooze (D:1)
  2 worms (D:2)
  2 dart slugs
  3 giant cockroaches
  6 goblins
  7 hobgoblins
  4 jackals (D:1)
  A quokka (D:2)
  A ball python (D:3)
  8 bats
  4 frilled lizards
  8 kobolds
  3 rats (D:2)
55 creatures vanquished.

Notes
Turn   | Place    | Note
-------+----------+-------------------------------------------
     0 | D:1      | tilp the Merfolk Ice Elementalist began the quest for the Orb.
     0 | D:1      | Reached XP level 1. HP: 13/13 MP: 3/3
   176 | D:1      | Reached XP level 2. HP: 19/19 MP: 0/5
   186 | D:1      | Reached skill level 4 in Ice Magic
   322 | D:1      | Learned a level 2 spell: Throw Frost
   859 | D:1      | Reached XP level 3. HP: 24/24 MP: 6/6
   864 | D:1      | Learned a level 3 spell: Ozocubu's Armour
  1574 | D:2      | Reached skill level 5 in Ice Magic
  1840 | D:2      | Reached XP level 4. HP: 30/30 MP: 4/7
  1948 | D:2      | Noticed Jessica
  1958 | D:2      | Killed Jessica
  2477 | D:2      | Reached skill level 6 in Ice Magic
  2495 | D:2      | Noticed Terence
  2576 | D:2      | Killed Terence
  2576 | D:2      | Reached skill level 1 in Fighting
  2576 | D:2      | Reached XP level 5. HP: 31/37 MP: 1/8
  2659 | D:3      | Noticed Grinder
  2953 | D:3      | Paralysed by Grinder for 7 turns
  2959 | D:3      | Mangled by Grinder

Vault maps used:
D:1:      dpeg_arrival_simpleton_b, serial_park_tiny_pond
D:2:      uniq_jessica, uniq_terence
D:3:      gammafunk_temple_overflow_arena, kennysheep_generic_room_12,
          uniq_grinder

Skill      XL: |  1  2  3  4 |
---------------+-------------+-----
Ice Magic      | 4 5 6 |  6.0
Fighting       | 1 |  1.2
Dodging        | 3 |  3.3
Stealth        | |  2.1
Spellcasting   | |  2.0
Conjurations   | |  0.7

Action                   |  1- 3 |  4- 6 || total
-------------------------+-------+-------++-------
Melee: Unarmed           |     1 |       ||     1
       Short sword       |   123 |    85 ||   208
Throw: Javelin           |       |     2 ||     2
 Cast: Freeze            |    18 |    16 ||    34
       Ozocubu's Armour  |     2 |     2 ||     4
       Throw Frost       |       |     1 ||     1
  Use: Scroll            |     3 |     4 ||     7
       Potion            |       |     2 ||     2
 Stab: Sleeping          |     7 |     2 ||     9
  Eat: Chunk             |     1 |     3 ||     4
       Ration            |     1 |       ||     1
Armor: Robe              |    22 |    13 ||    35
       Skin              |       |     7 ||     7
Dodge: Dodged            |    75 |    37 ||   112

Table legend:
 A = Spawn XP
 B = Non-spawn XP
 C = Spawn XP percentage of total XP
 D = Spawn monster count
 E = Non-spawn monster count
 F = Spawn count percentage of total count
 G = Total turns spent on level
                    A         B        C        D         E        F      G
               +---------+---------+-------+---------+---------+-------+---------
         Total |       0 |     211 |   0.0 |       0 |      55 |   0.0 |  2959
               +---------+---------+-------+---------+---------+-------+---------
           D:1 |       0 |      46 |   0.0 |       0 |      24 |   0.0 |  1326
           D:2 |       0 |     148 |   0.0 |       0 |      27 |   0.0 |  1427
           D:3 |       0 |      17 |   0.0 |       0 |       4 |   0.0 |   206
               +---------+---------+-------+---------+---------+-------+---------
